 Dungeon Crawl Stone Soup version 0.18.1-50-g88ac8fd (webtiles) character file.

58 ololoev the Magician (level 3, -2/19 HPs)
             Began as a Deep Elf Fire Elementalist on Dec 7, 2016.
             Slain by a phantom (4 damage)
             ... on level 5 of the Dungeon.
             The game lasted 00:03:57 (481 turns).

ololoev the Magician (Deep Elf Fire Elementalist)    Turns: 481, Time: 00:03:58

Health: -2/19      AC:  2    Str:  5    XL:     3   Next: 76%
Magic:  1/10       EV: 13    Int: 20    God:
Gold:   46         SH:  0    Dex: 15    Spells: 2 memorised, 6 levels left

rFire  . . .     SeeInvis .     a - +0 blowgun
rCold  . . .     Gourm    .     g - +0 robe
rNeg   . . .     Faith    .     (no shield)
rPois  .         Spirit   .     (no helmet)
rElec  .         Dismiss  .     (no cloak)
rCorr  .         Reflect  .     (no gloves)
SustAt .         Harm     .     (no boots)
MR     .....                    (no amulet)
Stlth  ++........               (no ring)
                                (no ring)

@: not resistant to hostile enchantments, unstealthy
A: no striking features
a: no special abilities

Inventory:

Hand Weapons
 a - a +0 blowgun (weapon)
Missiles
 h - 12 poisoned needles (quivered)
Armour
 g - a +0 robe (worn)
Scrolls
 d - a scroll of random uselessness {unknown}
 f - a scroll of identify {unknown}
Potions
 e - a potion of cancellation {unknown}
 i - 2 potions of degeneration {unknown}
Books
 b - a book of Flames

   Spells                             Type                      Level
   a - Flame Tongue                   Conjuration/Fire             1
   b - Throw Flame                    Conjuration/Fire             2
   c - Conjure Flame                  Conjuration/Fire             3
   d - Inner Flame                    Hexes/Fire                   3
   e - Sticky Flame                   Conjuration/Fire             4
   f - Fireball                       Conjuration/Fire             5
Comestibles
 c - 2 bread rations


   Skills:
 - Level 2.4 Dodging
 - Level 2.4 Stealth
 + Level 4.2 Spellcasting
 + Level 2.3 Conjurations
 + Level 3.9 Fire Magic


You had 6 spell levels left.
You knew the following spells:

 Your Spells              Type           Power        Failure   Level  Hunger
a - Flame Tongue          Conj/Fire      ###..        3%          1    None
b - Conjure Flame         Conj/Fire      ###.....     12%         3    ###....


You were on level 5 of the Dungeon.
You were not hungry.

You visited 1 branch of the dungeon, and saw 5 of its levels.

You collected 46 gold pieces.

... ...
### #..
..###..
.....
####...
#....W#
#....@#
#......#
#......#
#...(...
########.
.. .. ...

Notes
Turn   | Place    | Note
--------------------------------------------------------------
     0 | D:1      | ololoev the Deep Elf Fire Elementalist began the quest for the Orb.
     0 | D:1      | Reached XP level 1. HP: 10/10 MP: 6/6
    86 | D:1      | Reached XP level 2. HP: 15/15 MP: 0/8
   218 | D:2      | Found a shadowy altar of Dithmenos.
   410 | D:4      | Reached XP level 3. HP: 14/19 MP: 3/10
   415 | D:4      | Learned a level 3 spell: Conjure Flame
   448 | D:4      | Found a stormy altar of Qazlal.
   453 | D:4      | Reached skill level 4 in Spellcasting
   471 | D:5      | Entered Level 5 of the Dungeon
   471 | D:5      | Noticed a phantom
   481 | D:5      | Slain by a phantom

Dungeon Overview and Level Annotations

Branches:
Dungeon (5/15)
 Temple: D:4-7

Altars:
Dithmenos
Qazlal


Message History

There is a stone staircase leading up here.
Firing (i - inventory):
h - 13 poisoned needles (quivered)
Press: ? - help, Shift-Dir - straight line, f - worker ant
Aim: a worker ant (resting)
You shoot a poisoned needle.
The poisoned needle hits the worker ant.
The worker ant is poisoned.
The worker ant twitches its antennae in your direction.
Casting: Flame Tongue
Confirm with . or Enter, or press ? or * to list all spells.
Aiming: Flame Tongue
Press: ? - help, Shift-Dir - straight line, f/p - worker ant
Aim: a worker ant (lightly wounded, poisoned)
The flame tongue hits the worker ant.
The worker ant is heavily wounded.
Casting: Flame Tongue
Confirm with . or Enter, or press ? or * to list all spells.
Aiming: Flame Tongue
Press: ? - help, Shift-Dir - straight line, f/p - worker ant
Aim: a worker ant (heavily wounded, poisoned)
The flame tongue hits the worker ant.
The worker ant appears unharmed.
The worker ant is heavily wounded.
The worker ant bites you.
Casting: Flame Tongue
Confirm with . or Enter, or press ? or * to list all spells.
Aiming: Flame Tongue
Press: ? - help, Shift-Dir - straight line, f/p - worker ant
Aim: a worker ant (severely wounded, poisoned)
The flame tongue hits the worker ant.
You kill the worker ant!
Casting: Flame Tongue
Confirm with . or Enter, or press ? or * to list all spells.
Aiming: Flame Tongue
Press: ? - help, Shift-Dir - straight line, f - phantom
Aim: a phantom The flame tongue hits the phantom.
The phantom is moderately damaged.
The phantom hits you!
Ouch! That really hurt!
Casting: Flame Tongue
Confirm with . or Enter, or press ? or * to list all spells.
Aiming: Flame Tongue
Press: ? - help, Shift-Dir - straight line, f/p - phantom
Aim: a phantom (moderately damaged)
The flame tongue hits the phantom.
The phantom is heavily damaged.
The phantom misses you.
Casting: Flame Tongue
Confirm with . or Enter, or press ? or * to list all spells.
Aiming: Flame Tongue
Press: ? - help, Shift-Dir - straight line, f/p - phantom
Aim: a phantom (heavily damaged)
The flame tongue hits the phantom.
The phantom is heavily damaged.
The phantom closely misses you.
Casting: Flame Tongue
Confirm with . or Enter, or press ? or * to list all spells.
Aiming: Flame Tongue
Press: ? - help, Shift-Dir - straight line, f/p - phantom
Aim: a phantom (heavily damaged)
The flame tongue hits the phantom.
The phantom is severely damaged.
The phantom barely misses you.
Casting: Flame Tongue
Confirm with . or Enter, or press ? or * to list all spells.
Aiming: Flame Tongue
Press: ? - help, Shift-Dir - straight line, f/p - phantom
Aim: a phantom (severely damaged)
The flame tongue hits the phantom.
The phantom is severely damaged.
The phantom hits you.
Casting: Flame Tongue
Confirm with . or Enter, or press ? or * to list all spells.
Aiming: Flame Tongue
Press: ? - help, Shift-Dir - straight line, f/p - phantom
Aim: a phantom (severely damaged)
The flame tongue hits the phantom.
The phantom is almost destroyed.
The phantom hits you.
You die...

You could see a phantom.

Vanquished Creatures
  A worker ant (D:5)
  3 dart slugs
  An orc (D:4)
  A ball python (D:4)
  4 goblins
  2 hobgoblins
  2 jackals (D:3)
  4 bats
  A kobold (D:3)
  7 rats
26 creatures vanquished.

Action                   || total
-------------------------++-------
 Fire: Blowgun           ||     6
 Cast: Flame Tongue      ||    52
Armor: Robe              ||    28
Dodge: Dodged            ||    59

Vault maps used:
D:1:      lemuel_arrival_funnel, serial_park_tiny_1, ashenzari_altar_1
D:2:      grunt_qazlal_clouds, nicolae_dithmenos_through_a_glass_darkly,
          lemuel_doored_altar, first_bread
D:3:      lemuel_round_altar, uniq_natasha
D:4:      nemelex_xobeh_ov_fountains_minmay, kennysheep_mini_moat,
          serial_bayou_pond_c, kennysheep_small_circle, uniq_menkaure
D:5:      elyvilon_altar_4
